 Dungeon Crawl Stone Soup version 0.18.1-8-gdd0e5ea (webtiles) character file.

44 manyhoops the Sneak (level 3, 0/18 HPs)
             Began as a Spriggan Assassin on June 2, 2016.
             Succumbed to an adder's poison
             ... on level 2 of the Dungeon.
             The game lasted 00:01:58 (852 turns).

manyhoops the Sneak (Spriggan Assassin)              Turns: 852, Time: 00:01:59

Health: 0/18       AC:  4    Str: 12    XL:     3   Next: 39%
Magic:  4/4        EV: 18    Int: 12    God:
Gold:   15         SH:  0    Dex: 18    Spells: 0 memorised, 2 levels left

rFire  . . .     SeeInvis +     a - +3 dagger
rCold  . . .     Gourm    .     c - +0 robe
rNeg   . . .     Faith    .     (shield restricted)
rPois  .         Spirit   .     (helmet restricted)
rElec  .         Dismiss  .     d - +0 cloak
rCorr  .         Reflect  .     (gloves unavailable)
SustAt .         Harm     .     (boots unavailable)
MR     +....                    h - amulet of inaccuracy (curse)
Stlth  ++++......               (no ring)
                                (no ring)

@: mighty, lethally poisoned (0 -> -5), very quick, somewhat resistant to
hostile enchantments, stealthy
A: unfitting armour, molten scales 1, see invisible, herbivore 3, speed 3, magic
resistance 1, slow metabolism 2
a: no special abilities


You were on level 2 of the Dungeon.
You were not hungry.

You visited 1 branch of the dungeon, and saw 2 of its levels.

You collected 15 gold pieces.

Inventory:

Hand Weapons
 a - a +3 dagger (weapon)
 b - a +0 blowgun
Missiles
 e - 8 poisoned needles
 f - 2 curare-tipped needles
Armour
 c - a +0 robe (worn)
 d - a +0 cloak (worn)
Jewellery
 h - a cursed amulet of inaccuracy (around neck)
Comestibles
 g - 4 bread rations
 n - a slice of pizza
 o - a fruit


   Skills:
 - Level 1.5 Fighting
 + Level 2.5 Short Blades
 - Level 2.0 Throwing
 + Level 2.7 Dodging
 * Level 7.1 Stealth


You had 2 spell levels left.
You didn't know any spells.

Dungeon Overview and Level Annotations

Branches:
Dungeon (2/15)

Altars:


Innate Abilities, Weirdness & Mutations

You are tiny and cannot use many weapons and most armour.
You have supernaturally acute eyesight.
You are a herbivore.
You cover ground extremely quickly.
You need consume almost no food.
You are partially covered in molten scales (AC +1).
You are resistant to hostile enchantments.


Message History

It was a potion of might.
You feel very mighty all of a sudden.
* * * LOW HITPOINT WARNING * * *
You feel sick.
Mmm - a full handful of blueberries!
There is a lethal amount of poison in your body!
There is a lethal amount of poison in your body!
* * * LOW HITPOINT WARNING * * *
You feel sick.
Found a leather armour.
* * * LOW HITPOINT WARNING * * *
You feel sick.
You puncture the kobold!
You kill the kobold!
Things that are here:
4 stones; a kobold corpse
* * * LOW HITPOINT WARNING * * *
You feel sick.
Found a club.
You die...

##.##(........####.#
#.##..............#
#(##.............#
#.##.............#
#.##.............#
#................#
#.###.........)..#
#.# #[...........#
### #.......@....#
#.........####
#...........
#.........#..#
######.##.#..# #.#
.. ... #. ... #.. #.
##. ..


There were no monsters in sight!

Vanquished Creatures
  2 adders (D:2)
  A giant gecko (D:1)
  2 giant cockroaches (D:1)
  5 goblins (D:1)
  4 hobgoblins (D:1)
  A kobold (D:2)
  6 bats
  A giant newt (D:1)
  A rat (D:1)
23 creatures vanquished.

Notes
Turn   | Place    | Note
--------------------------------------------------------------
     0 | D:1      | manyhoops the Spriggan Assassin began the quest for the Orb.
     0 | D:1      | Reached XP level 1. HP: 10/10 MP: 2/2
    38 | D:1      | Reached skill level 6 in Stealth
   287 | D:1      | Reached XP level 2. HP: 14/14 MP: 3/3
   755 | D:2      | Reached skill level 7 in Stealth
   755 | D:2      | Reached XP level 3. HP: 18/18 MP: 4/4
   831 | D:2      | Gained mutation: You are resistant to hostile enchantments. [potion of mutation]
   831 | D:2      | Gained mutation: You are partially covered in molten scales (AC +1). [potion of mutation]
   852 | D:2      | Succumbed to an adder's poison

Skill      XL: |  1  2 |
---------------+-------+-----
Stealth        | 6 7 |  7.1
Dodging        | 2 |  2.7
Fighting       | |  1.5
Short Blades   | |  2.5
Throwing       | |  2.0

Action                   || total
-------------------------++-------
Melee: Dagger            ||    97
  Use: Scroll            ||     3
       Potion            ||     2
 Stab: Sleeping          ||     5
  Eat: Fruit             ||     1
Armor: Robe              ||    11
Dodge: Dodged            ||    82
